 Dungeon Crawl Stone Soup version 0.29-a0-653-gd47aff6735 (webtiles) character file.

Game seed: 3091067726041823290

49 testman the Bolt Thrower (level 4, -2/35 HPs)
             Began as a Formicid Hunter on June 21, 2022.
             Slain by a rat (3 damage)
             ... on level 1 of the Dungeon.
             The game lasted 00:02:22 (710 turns).

testman the Bolt Thrower (Formicid Hunter)           Turns: 710, Time: 00:02:23

Health: -2/35      AC:  3    Str: 16    XL:     4   Next: 2%
Magic:  4/4        EV: 12    Int:  8    God:
Gold:   65         SH:  0    Dex: 19    Spells: 3/3 levels left

rFire   . . .      SeeInvis +   a - +1 hand crossbow
rCold   . . .      Faith    .   (no shield)
rNeg    . . .      Spirit   .   b - +0 leather armour
rPois   .          Reflect  .   (helmet unavailable)
rElec   .          Harm     .   (no cloak)
rCorr   .          Rampage  .   (no gloves)
Will    .....                   (no boots)
Stlth   ++........              (no amulet)
HPRegen 0.11/turn               (no ring)
MPRegen 0.09/turn               (no ring)

@: brilliant
A: permanent stasis, dig shafts and tunnels, antennae 3, four strong arms
a: Dig, Shaft Self


You were on level 1 of the Dungeon.
You visited 1 branch of the dungeon, and saw 1 of its levels.

You collected 65 gold pieces.

Inventory:

Hand Weapons
 a - a +1 hand crossbow (weapon)
Armour
 b - a +0 leather armour (worn)
Scrolls
 c - 2 scrolls of immolation
 d - a scroll of vulnerability {unknown}
 e - a scroll of enchant weapon {unknown}
 f - a scroll of magic mapping {unknown}
 g - 3 scrolls of identify {unknown}


   Skills:
 + Level 3.4 Fighting
 + Level 4.7 Crossbows
 - Level 1.7 Dodging
 - Level 1.2 Stealth


You had 3 spell levels left.
You didn't know any spells.
Your spell library was empty.

Dungeon Overview and Level Annotations

Branches:
Dungeon (1/15)

Altars:


Innate Abilities, Weirdness & Mutations

You cannot be hasted, slowed, berserked, paralysed or teleported.
You can dig through walls and to a lower floor.
You have a pair of large antennae on your head. (SInv)
Your four strong arms can wield two-handed weapons with a shield.


Message History

You shoot a bolt. The bolt hits the jackal!
You kill the jackal!
You have reached level 4!
You feel stronger.
Shoot: a) +1 hand crossbow
Press: ? - help, Q - select action, (/) - cycle Shift-Dir - straight line, f - endoplasm
Aim: an endoplasm (88% to hit)
You shoot a bolt. The bolt barely misses the endoplasm.
The endoplasm freezes you.
You are frozen.
* * * LOW HITPOINT WARNING * * *
Shoot: a) +1 hand crossbow
Press: ? - help, Q - select action, (/) - cycle Shift-Dir - straight line, f/p - endoplasm
Aim: an endoplasm (88% to hit)
You shoot a bolt.
The bolt completely misses the endoplasm.
The endoplasm closely misses you. The endoplasm hits you.
* * * LOW HITPOINT WARNING * * *
Shoot: a) +1 hand crossbow
Press: ? - help, Q - select action, (/) - cycle Shift-Dir - straight line, f/p - endoplasm
Aim: an endoplasm (88% to hit)
You shoot a bolt. The bolt hits the endoplasm!
You kill the endoplasm!
Unknown command.
Shoot: a) +1 hand crossbow
Press: ? - help, Q - select action, (/) - cycle Shift-Dir - straight line, f - rat
Aim: a rat (66% to hit)
You shoot a bolt. The bolt barely misses the rat.
The rat bites you.
* * * LOW HITPOINT WARNING * * *
It was a potion of brilliance.
You feel clever all of a sudden. The rat closely misses you.
Shoot: a) +1 hand crossbow
Press: ? - help, Q - select action, (/) - cycle Shift-Dir - straight line, f/p - rat
Aim: a rat (66% to hit)
You shoot a bolt.
The bolt hits the rat but does no damage.
The rat bites you.
You die...

.# ##...##.###.###.. .#
##########..#.##.........# .####
#..........##..##....#...# ....##
#....................#....
.....###..###'#######'###...#....
......###.#..⌠...>...⌠..#...#)...
...(..###.#......<......#........
......##..+⌠....###....⌠'........
.....###..#.....@†......#..#...##
..........#######r#######......##
.†....###.#.(...wJ.... {#...#...#
..........#..........(..#.#.#.#.#
......#.#.#.............#.#.#.#..
........#.###############.#.)....
..).#.###........................
#...#.###........................
###.†............................


You could see a worm, an endoplasm and a rat.

Vanquished Creatures
  3 dart slugs (D:1)
  A bat (D:1)
  5 endoplasms (D:1)
  3 giant cockroaches (D:1)
  5 goblins (D:1)
  5 hobgoblins (D:1)
  5 jackals (D:1)
  2 quokkas (D:1)
  A ball python (D:1)
  A frilled lizard (D:1)
  A kobold (D:1)
  5 rats (D:1)
37 creatures vanquished.

Notes
Turn   | Place    | Note
-------+----------+-------------------------------------------
     0 | D:1      | testman the Formicid Hunter began the quest for the Orb.
     0 | D:1      | Reached XP level 1. HP: 16/16 MP: 1/1
     2 | D:1      | Found a runed translucent door.
   202 | D:1      | Reached XP level 2. HP: 23/23 MP: 2/2
   378 | D:1      | Reached XP level 3. HP: 29/29 MP: 3/3
   590 | D:1      | Found a faded altar of an unknown god.
   705 | D:1      | Reached XP level 4. HP: 5/35 MP: 4/4
   708 | D:1      | HP: 1/35 [rat (2)]
   710 | D:1      | Slain by a rat

Illustrated notes

Levels and vault maps discovered:
D:1:      dpeg_arrival_caged_fury, layout_rooms, ebering_ecumenical_altar_ruins,
          minmay_misc_feat_roman, minmay_nonomino_d4

Skill      XL: |  1  2 |
---------------+-------+-----
Fighting       | 3 |  3.4
Crossbows      | |  4.7
Dodging        | |  1.7
Stealth        | |  1.2

Action                   |  1- 3 |  4- 6 || total
-------------------------+-------+-------++-------
 Fire: Hand crossbow     |    80 |     5 ||    85
  Use: Potion            |       |     1 ||     1
Armor: Leather armour    |    10 |       ||    10
Dodge: Dodged            |    28 |     2 ||    30

Table legend: (Time is in decaauts)
 A = Elapsed time spent in this place.
 B = Non-inter-level travel time spent in this place.
 C = Inter-level travel time spent in this place.
 D = Time resting spent in this place.
 E = Time spent auto-exploring this place.
 F = Levels seen in this place.
 G = Mean time per level.
                   A        B        C        D        E       F      G
               +--------+--------+--------+--------+--------+-----+--------+
         Total |    736 |    736 |      0 |      0 |    556 |   1 |  736.0 |
       Dungeon |    736 |    736 |      0 |      0 |    556 |   1 |  736.0 |
               +--------+--------+--------+--------+--------+-----+--------+

Top non-repeatable levels by time:
     D:1: 736 daAuts
